 Dungeon Crawl Stone Soup version 0.29.0-4-gdea44cf6ec (webtiles) character file.

Game seed: 14078548132288578990

49 qw the Sneak (level 3, -7/23 HPs)
             Began as a Gargoyle Delver on Sept 10, 2022.
             Killed from afar by an orc wizard (8 damage)
             ... with a magic dart
             ... on level 4 of the Dungeon.
             The game lasted 00:00:08 (341 turns).

qw the Sneak (Gargoyle Delver)                       Turns: 341, Time: 00:00:09

Health: -7/23      AC:  6    Str: 17    XL:     3   Next: 77%
Magic:  3/3        EV: 11    Int: 10    God:
Gold:   65         SH:  0    Dex: 11    Spells: 2/2 levels left

rFire   . . .      SeeInvis .   Y - +1 hand axe
rCold   . . .      Faith    .   (no shield)
rNeg    + . .      Spirit   .   b - +0 leather armour
rPois   inf        Reflect  .   (no helmet)
rElec   +          Harm     .   (no cloak)
rCorr   .          Rampage  .   (no gloves)
Will    .....                   (no boots)
Stlth   +++.......              (no amulet)
HPRegen 0.07/turn               (no ring)
MPRegen 0.08/turn               (no ring)

@: no status effects
A: sickness immunity, AC +3, negative energy resistance 1, electricity
resistance, torment resistance 1, petrification resistance
a: no special abilities


You were on level 4 of the Dungeon.
You visited 1 branch of the dungeon, and saw 2 of its levels.

You collected 65 gold pieces.


Innate Abilities, Weirdness & Mutations

You are immune to sickness and miasma.
Your stone body is resilient. (AC +3)
You are immune to poison.
You resist negative energy. (rN+)
You are resistant to electric shocks. (rElec)
You are resistant to unholy torment.
You are immune to petrification.


   Skills:
 - Level 3.2 Fighting
 + Level 3.6 Axes
 - Level 1.5 Dodging
 - Level 5.4 Stealth


You had 2 spell levels left.
You didn't know any spells.
Your spell library was empty.

Inventory:

Hand Weapons
 i - a +0 mace
 Y - a +1 hand axe (weapon)
Armour
 a - a +0 scale mail
 b - a +0 leather armour (worn)
Wands
 g - a wand of digging (3)
Potions
 c - a potion of curing {unknown}
 f - 2 potions of haste

Dungeon Overview and Level Annotations

Branches:
Dungeon (5/15)
 Temple: D:4-7

Altars:


Message History

324 ||| Stepping ~*~*~tactically~*~*~ (stealth).
325 ||| Stepping ~*~*~tactically~*~*~ (stealth).
326 ||| Stepping ~*~*~tactically~*~*~ (stealth).
An orc comes into view. It is wielding a +0 club.
327 ||| Stepping ~*~*~tactically~*~*~ (stealth).
328 ||| Stepping ~*~*~tactically~*~*~ (stealth).
329 ||| Stepping ~*~*~tactically~*~*~ (stealth).
An orc wizard comes into view. It is wielding a +0 dagger.
The orc shouts!
The orc wizard moves out of view.
330 ||| Stepping ~*~*~tactically~*~*~ (stealth).
You hear the brisk rusting of a very distant drain.
The orc hits you but does no damage.
You barely miss the orc. The orc hits you with a +0 mace.
The orc barely misses you.
The orc wizard shouts!
You slash the orc!
You kill the orc!
You hit the orc.
You hear a shout!
The orc hits you with a +0 club.
You barely miss the orc.
The orc is moderately wounded.
An orc comes into view. It is wielding a +0 short sword.
The orc misses you.
You hit the orc.
The orc is heavily wounded.
You hit the orc wizard. Your punch misses the orc wizard.
The orc wizard is moderately wounded.
You hit the orc wizard but do no damage.
The orc wizard is moderately wounded.
The orc wizard hits you but does no damage.
You hit the orc wizard.
The orc wizard is heavily wounded.
The orc wizard hits you with a +0 dagger.
You hit the orc wizard.
The orc wizard is severely wounded.
The orc wizard gestures at you while chanting.
The magic dart hits you!
You die...

.# #### .##
##########.. ....
#........#.##...
######)#.###..#......
.........# #..%..#
.........# #..)..#
#####.###...#..).# #.#
##.#...#@# #####.#
...#...#o#
......##.###....oo..#
###..................#
....####.####....###.#
##### # #.#### # # #.
# #. #


You could see an orc wizard and 2 orcs.

Vanquished Creatures
  A hound (D:4)
  An adder (D:4)
  An ufetubus (D:4)
  An orc (D:4)
  A giant cockroach (D:4)
  2 kobolds (D:4)
7 creatures vanquished.

Notes
Turn   | Place    | Note
-------+----------+-------------------------------------------
     0 | D:5      | qw the Gargoyle Delver began the quest for the Orb.
     0 | D:5      | Reached XP level 1. HP: 14/14 MP: 1/1
     0 | D:5      | 0 ||| qw: Version: 0.1-a-116-g5d60599
     0 | D:5      | 0 ||| qw: Game counter: 8093
     0 | D:5      | 0 ||| qw: Always use a shield: true
     0 | D:5      | 0 ||| qw: God list: Okawaru
     0 | D:5      | 0 ||| qw: Allow faded altars: false
     0 | D:5      | 0 ||| qw: Do Orc after D:15 true
     0 | D:5      | 0 ||| qw: Do second Lair branch before Depths: true
     0 | D:5      | 0 ||| qw: Lair rune preference: random
     0 | D:5      | 0 ||| qw: Plans: Normal
     0 | D:5      | 0 ||| PLANNING D:1-11
    24 | D:5      | 24 ||| READING scroll labelled OPPUXY PELILYN.
    25 | D:5      | 25 ||| DROPPING scroll of fog.
    26 | D:5      | 26 ||| DROPPING scroll of magic mapping.
    27 | D:5      | 27 ||| DROPPING scroll of fear.
    34 | D:4      | 34 ||| PLANNING SEWER
    98 | D:4      | Noticed a wight
   100 | D:4      | Noticed a kobold brigand
   115 | D:4      | Reached XP level 2. HP: 14/19 MP: 2/2
   137 | D:4      | 137 ||| Stepping ~*~*~tactically~*~*~ (stealth).
   195 | D:4      | 195 ||| Stepping ~*~*~tactically~*~*~ (stealth).
   318 | D:4      | Reached skill level 3 in Axes
   318 | D:4      | Reached XP level 3. HP: 9/23 MP: 3/3
   324 | D:4      | 324 ||| Stepping ~*~*~tactically~*~*~ (stealth).
   325 | D:4      | 325 ||| Stepping ~*~*~tactically~*~*~ (stealth).
   326 | D:4      | 326 ||| Stepping ~*~*~tactically~*~*~ (stealth).
   327 | D:4      | 327 ||| Stepping ~*~*~tactically~*~*~ (stealth).
   328 | D:4      | 328 ||| Stepping ~*~*~tactically~*~*~ (stealth).
   329 | D:4      | 329 ||| Stepping ~*~*~tactically~*~*~ (stealth).
   330 | D:4      | 330 ||| Stepping ~*~*~tactically~*~*~ (stealth).
   334 | D:4      | HP: 5/23 [orc/+0 mace (5)]
   335 | D:4      | HP: 2/23 [orc/+0 club (3)]
   340 | D:4      | HP: 1/23 [orc wizard/+0 dagger (2)]
   341 | D:4      | Killed from afar by an orc wizard

Levels and vault maps discovered:
D:4:      layout_loops_ring, lightli_sewer_entry_pipes, lightli_corner_chamber
D:5:      layout_loops_cross, serial_shops, nicolae_shop_stone,
          kennysheep_generic_room_11

Skill      XL: |  1  2 |
---------------+-------+-----
Axes           | 2 3 |  3.6
Fighting       | |  3.2
Dodging        | |  1.5
Stealth        | |  5.4

Action                   || total
-------------------------++-------
Melee: Hand axe          ||    30
  Use: Scroll            ||     1
Armor: Leather armour    ||    11
Dodge: Dodged            ||    19

Table legend:
 A = Non-vault XP
 B = Vault XP
 C = Vault XP percentage of total XP
 D = Non-vault monster count
 E = Vault monster count
 F = Vault count percentage of total count
                 A         B        C        D         E       F
            +---------+---------+-------+---------+---------+-------
      Total |      71 |       0 |   0.0 |       7 |       0 |   0.0
            +---------+---------+-------+---------+---------+-------
        D:4 |      71 |       0 |   0.0 |       7 |       0 |   0.0
            +---------+---------+-------+---------+---------+-------
